 Dungeon Crawl Stone Soup version 0.28-a0-906-g0406aca7d3 (webtiles) character file.

Game seed: 11464041938827855348

1414 lessens the Grappler (level 8, 0/63 HPs)
             Began as a Ghoul Wanderer on Nov 23, 2021.
             Slain by Pikel (13 damage)
             ... on level 5 of the Dungeon.
             The game lasted 00:07:25 (5074 turns).

lessens the Grappler (Ghoul Wanderer)               Turns: 5074, Time: 00:07:26

Health: 0/63       AC: 11    Str: 17    XL:     8   Next: 71%
Magic:  8/8        EV:  9    Int:  8    God:
Gold:   219        SH:  0    Dex:  8    Spells: 8/9 levels left

rFire   . . .      SeeInvis .     - Unarmed
rCold   + . .      Faith    .   (no shield)
rNeg    + + +      Spirit   .   b - +2 scale mail
rPois   ∞          Reflect  .   D - +0 helmet
rElec   .          Harm     .   h - +0 cloak
rCorr   +          Rampage  .   (no gloves)
Will    .....                   E - +0 pair of boots
Stlth   ..........              (no amulet)
HPRegen 0.00/turn               n - ring of resist corrosion
MPRegen 0.11/turn               (no ring)

@: mighty, inhibited regen
A: claws 1, cold resistance 1, negative energy resistance 3, inhibited
regeneration, torment resistance 2
a: no special abilities


You were on level 5 of the Dungeon.
You visited 1 branch of the dungeon, and saw 5 of its levels.
You also visited: Ossuary.

You collected 219 gold pieces.

Inventory:

Hand Weapons
 a - a +0 hand crossbow
Missiles
 c - 40 bolts
 d - 157 stones (quivered)
 z - 6 boomerangs
Armour
 b - a +2 scale mail (worn)
 h - a +0 cloak (worn)
 l - a +0 pair of gloves
 m - a +0 ring mail
 q - a +0 leather armour of cold resistance
 D - a +0 helmet (worn)
 E - a +0 pair of boots (worn)
Jewellery
 n - a ring of resist corrosion (left claw)
Scrolls
 e - 5 scrolls of teleportation
 i - a scroll of immolation {unknown}
 o - 2 scrolls of blinking {unknown}
 p - a scroll of amnesia {unknown}
 s - a scroll of summoning {unknown}
 t - 2 scrolls of enchant armour {unknown}
 v - a scroll of acquirement {unknown}
 w - a scroll of enchant weapon {unknown}
 y - 2 scrolls of vulnerability {unknown}
 A - a scroll of fear {unknown}
Potions
 f - 2 potions of might
 g - a potion of invisibility {unknown}
 j - a potion of resistance {unknown}
 k - 3 potions of heal wounds
 u - 2 potions of attraction {unknown}
 B - 2 potions of berserk rage {unknown}
 C - a potion of mutation {unknown}


   Skills:
 + Level 3.0 Fighting
 - Level 1.7 Armour
 * Level 10.9 Unarmed Combat
 - Level 1.0 Spellcasting
 - Level 3.2 Ice Magic
 - Level 1.1 Earth Magic
 - Level 1.7 Evocations


You had 8 spell levels left.
You knew the following spells:

 Your Spells              Type           Power      Damage    Failure   Level
a - Summon Small Mammal   Summ           0%         N/A       80%         1

Your spell library contained the following spells:

 Spells                   Type           Power      Damage    Failure   Level
 Corpse Rot               Necr/Air       0%         N/A       90%         2
 Poisonous Vapours        Pois/Air       0%         N/A       90%         2
 Call Canine Familiar     Summ           0%         N/A       99%         3
 Portal Projectile        Hex/Tloc       0%         N/A       99%         3
 Excruciating Wounds      Necr           0%         N/A       100%        5
 Blade Hands              Tmut           Unusable   N/A       N/A         5

Dungeon Overview and Level Annotations

Branches:
Dungeon (5/15)            Ossuary (visited)
 Temple: D:4-7

Altars:
Cheibriados
Uskayaw

Shops:
D:4 *

Annotations:
D:5 Pikel


Innate Abilities, Weirdness & Mutations

You thrive by killing the living.
You are immune to poison.
You have sharp fingernails.
Your flesh is cold resistant. (rC+)
You are immune to negative energy. (rN+++)
You do not regenerate when monsters are visible.
You are immune to unholy pain and torment.


Message History

You feel much better.
Prince Ribbit hits you but does no damage.
Pikel the Slaver comes into view.
He is wielding a +1 whip of electrocution.
Prince Ribbit barely misses you.
You feel very mighty all of a sudden.
Pikel shouts!
Prince Ribbit hits you but does no damage.
You claw Prince Ribbit!
Prince Ribbit is severely wounded.
Prince Ribbit blinks!
Prince Ribbit blinks!
You miss Prince Ribbit.
Prince Ribbit is severely wounded.
Prince Ribbit hits you.
You miss Prince Ribbit.
Prince Ribbit is severely wounded.
Prince Ribbit hits you but does no damage.
You claw Prince Ribbit!
You kill Prince Ribbit!
You feel better.
Prince Ribbit returns to his original shape as he dies.
Your Fighting skill increases to level 3!
You closely miss Pikel. Pikel hits you but does no damage.
You scratch Pikel.
Pikel is lightly wounded.
You barely miss Pikel.
Pikel is lightly wounded.
Pikel drinks a potion.
Pikel seems to grow stronger.
You miss Pikel.
Pikel is lightly wounded.
Pikel hits you with a +1 whip of electrocution.
You closely miss Pikel.
Pikel is lightly wounded.
Pikel hits you with a +1 whip of electrocution!
You closely miss Pikel.
Pikel is lightly wounded.
Pikel hits you with a +1 whip of electrocution!
* * * LOW HITPOINT WARNING * * *
You are electrocuted!
You die...

######### #.......#
#.......#...P≈≈### #
#..>....#....≈≈#...# .#.#.
#.......#....≈≈#oo.#
....!.###.......#....≈≈#####
#..†K.......(#....≈≈≈≈≈≈≈
#..##.##K###†#....≈≈≈≈≈≈≈ #.
#.##@###.#.....P..... #
#.##.................
#....................
#######..............
###..............
####.......####.....
....................
#..........#####....
#.......#### #....


You could see Pikel (strong).

Vanquished Creatures
  Prince Ribbit (D:5)
  A water moccasin (D:4)
  4 lemures (D:5)
  A bullfrog (D:4)
  An elf zombie (Ossuary)
  2 scorpions
  A water moccasin zombie (D:5)
  6 centaur zombies (Ossuary)
  A hound (D:5)
  A jelly (D:4)
  5 human zombies (Ossuary)
  A centaur skeleton (D:4)
  3 iguanas
  Terence (D:3)
  An orc wizard (D:4)
  Natasha (thrice) (D:3)
  3 mummies (Ossuary)
  5 adders
  An ufetubus (D:5)
  2 worms
  2 dart slugs
  4 orcs
  8 endoplasms (D:1)
  A giant cockroach (D:1)
  9 goblins
  6 hobgoblins
  7 quokkas
  9 ball pythons
  8 bats
  7 frilled lizards
  5 kobolds
  5 rats
115 creatures vanquished.

Vanquished Creatures (others)
  5 plants (D:4)
5 creatures vanquished.

Grand Total: 120 creatures vanquished

Notes
Turn   | Place    | Note
-------+----------+-------------------------------------------
     0 | D:1      | lessens the Ghoul Wanderer began the quest for the Orb.
     0 | D:1      | lessens set off with the following items: a +0 hand
                  | crossbow, a +2 scale mail, 23 bolts; and the following
                  | spell memorised: Summon Small Mammal; and the following
                  | spells available to memorise: Call Canine Familiar
     0 | D:1      | Reached XP level 1. HP: 16/16 MP: 1/1
    61 | D:1      | Reached skill level 1 in Unarmed Combat
   144 | D:1      | Found a faded altar of an unknown god.
   202 | D:1      | Reached XP level 2. HP: 23/23 MP: 2/2
   232 | D:1      | Reached skill level 2 in Unarmed Combat
   501 | D:1      | Reached XP level 3. HP: 28/28 MP: 3/3
   751 | D:1      | Reached skill level 3 in Unarmed Combat
  1260 | D:2      | Reached skill level 4 in Unarmed Combat
  1260 | D:2      | Reached XP level 4. HP: 32/35 MP: 4/4
  1414 | D:2      | You fall into a shaft and drop 2 floors!
  1505 | D:3      | Noticed Natasha
  1505 | D:3      | Noticed Terence
  1516 | D:4      | Found a snail-covered altar of Cheibriados.
  1554 | D:4      | Noticed a bullfrog
  1573 | D:4      | Killed a bullfrog
  1574 | D:4      | Reached skill level 5 in Unarmed Combat
  1574 | D:4      | Reached XP level 5. HP: 21/40 MP: 5/5
  1842 | D:4      | Found a sand-covered staircase.
  1847 | Ossuary  | Entered an ossuary
  1880 | Ossuary  | Reached skill level 6 in Unarmed Combat
  1880 | Ossuary  | Reached XP level 6. HP: 47/47 MP: 6/6
  1923 | Ossuary  | Reached skill level 7 in Unarmed Combat
  2073 | Ossuary  | Reached XP level 7. HP: 26/52 MP: 7/7
  2365 | Ossuary  | Reached skill level 8 in Unarmed Combat
  3156 | D:3      | Killed Terence
  3262 | D:3      | Killed Natasha
  3263 | D:3      | Reached skill level 9 in Unarmed Combat
  3976 | D:3      | Noticed Natasha
  3984 | D:3      | Killed Natasha
  4000 | D:3      | Noticed Natasha
  4008 | D:3      | Killed Natasha
  4291 | D:3      | Reached XP level 8. HP: 51/59 MP: 8/8
  4464 | D:4      | Found Qung's General Store.
  4709 | D:4      | Reached skill level 10 in Unarmed Combat
  4858 | D:5      | Entered Level 5 of the Dungeon
  4893 | D:5      | Found a hide-covered altar of Uskayaw.
  5049 | D:5      | Noticed Prince Ribbit
  5060 | D:5      | Noticed Pikel
  5068 | D:5      | Killed Prince Ribbit
  5074 | D:5      | Slain by Pikel

Illustrated notes

Levels and vault maps discovered:
D:1:      lightli_arrival_boilingwater, layout_loops_ring,
          ebering_ecumenical_altar_webs, kennysheep_minor_cross,
          minmay_hedge_maze
D:2:      layout_loops_ring, wander_ebering_terrifying_dragon_lair
D:3:      layout_basic, minmay_surrounded, uniq_natasha, uniq_terence
D:4:      layout_loops_ring, slow_altar_2, enter_ossuary_2,
          amcnicky_mini_corridor_feature, serial_bayou_pond_a,
          nicolae_take_the_stairs
D:5:      lemuel_castle_with_subvaults [lemuel_castle_interior_carwin_2],
          layout_basic, mainiacjoe_overflow_surrounded_room,
          nicolae_overflow_crystal_walls, minmay_shop_grid_forest,
          uniq_prince_ribbit1, uniq_pikel

Skill      XL: |  1  2  3  4  5  6  7  8 |
---------------+-------------------------+-----
Unarmed Combat | 1 2 4 5 6 7 9 10 | 10.9
Fighting       | 3 |  3.0
Armour         | |  1.7
Spellcasting   | |  1.0
Ice Magic      | |  3.2
Earth Magic    | |  1.1
Evocations     | |  1.7

Action                   |  1- 3 |  4- 6 |  7- 9 || total
-------------------------+-------+-------+-------++-------
Melee: Unarmed           |   129 |   131 |   290 ||   550
       Punch             |     1 |     3 |     8 ||    12
 Fire: Hand crossbow     |     5 |       |       ||     5
Throw: Javelin           |       |     2 |     3 ||     5
  Use: Scroll            |       |       |     5 ||     5
       Potion            |       |       |     2 ||     2
Armor: Scale mail        |    65 |    78 |   126 ||   269
Dodge: Dodged            |    57 |    53 |    92 ||   202

Table legend: (Time is in decaauts)
 A = Elapsed time spent in this place.
 B = Non-inter-level travel time spent in this place.
 C = Inter-level travel time spent in this place.
 D = Time resting spent in this place.
 E = Time spent auto-exploring this place.
 F = Levels seen in this place.
 G = Mean time per level.
                   A        B        C        D        E       F      G
               +--------+--------+--------+--------+--------+-----+--------+
         Total |   5023 |   4818 |    205 |    467 |   3201 |   6 |  837.2 |
       Dungeon |   4363 |   4158 |    205 |    362 |   2811 |   5 |  872.6 |
       Ossuary |    659 |    659 |      0 |    105 |    390 |   1 |  659.0 |
               +--------+--------+--------+--------+--------+-----+--------+

Top non-repeatable levels by time:
     D:4: 1323 daAuts
     D:3: 1003 daAuts
     D:1: 994 daAuts
     D:2: 841 daAuts
 Ossuary: 659 daAuts
     D:5: 200 daAuts
